 Dungeon Crawl Stone Soup version 0.27.1-34-g3ba077fa99 (webtiles) character file.

Game seed: 5591808929278135965

30 Cykl0x the Slasher (level 3, -1/22 HPs)
             Began as a Gargoyle Gladiator on Jan 18, 2022.
             Slain by a gnoll (9 damage)
             ... on level 1 of the Dungeon.
             The game lasted 00:02:07 (1119 turns).

Cykl0x the Slasher (Gargoyle Gladiator)             Turns: 1119, Time: 00:02:07

Health: -1/22      AC:  7    Str: 18    XL:     3   Next: 18%
Magic:  3/3        EV: 12    Int:  8    God:
Gold:   56         SH:  0    Dex: 11    Spells: 2/2 levels left

rFire    . . .     SeeInvis .   a - +0 long sword
rCold    . . .     Faith    .   (no shield)
rNeg     + . .     Spirit   .   b - +0 leather armour
rPois    ∞         Reflect  .   c - +0 helmet
rElec    +         Harm     .   (no cloak)
rCorr    .         Rampage  .   (no gloves)
Will     .....                  (no boots)
Stlth    +.........             (no amulet)
HPRegen  0.07/turn              (no ring)
MPRegen  0.08/turn              (no ring)

@: no status effects
A: sickness immunity, AC +3, negative energy resistance 1, electricity
resistance, torment resistance 1, petrification resistance
a: no special abilities


You were on level 1 of the Dungeon.
You visited 1 branch of the dungeon, and saw 1 of its levels.

You collected 124 gold pieces.
You spent 68 gold pieces at shops.

Inventory:

Hand Weapons
 a - a +0 long sword (weapon)
Missiles
 d - a throwing net (quivered)
 g - 34 stones
Armour
 b - a +0 leather armour (worn)
 c - a +0 helmet (worn)
Scrolls
 i - 3 scrolls of identify
 j - 3 scrolls of blinking {unknown}
Potions
 e - a potion of flight
 f - a potion of ambrosia {unknown}
 h - a potion of curing


   Skills:
 + Level 2.4 Fighting
 + Level 3.2 Long Blades
 + Level 1.8 Throwing
 * Level 1.3 Armour
 + Level 2.6 Dodging


You had 2 spell levels left.
You didn't know any spells.
Your spell library was empty.

Dungeon Overview and Level Annotations

Branches:
Dungeon (1/15)

Altars:

Shops:
D:1 *[(=!


Innate Abilities, Weirdness & Mutations

You are immune to sickness and miasma.
Your stone body is resilient. (AC +3)
You are immune to poison.
You resist negative energy. (rN+)
You are resistant to electric shocks. (rElec)
You are resistant to unholy torment.
You are immune to petrification.


Message History

Found a stone staircase leading down.
i - 3 scrolls of identify (gained 1)
A gnoll comes into view. It is wielding a +0 flail.
The gnoll shouts!
You throw a stone. The stone hits the gnoll.
The gnoll is moderately wounded.
You throw a stone.
The stone hits the gnoll but does no damage.
The gnoll is moderately wounded.
You throw a stone. The stone barely misses the gnoll.
The gnoll closely misses you.
You throw a throwing net.
The throwing net barely misses the gnoll.
You barely miss the gnoll.
The gnoll is lightly wounded.
The gnoll closely misses you. The gnoll hits you but does no damage.
You hit the gnoll.
The gnoll is heavily wounded.
The gnoll hits you with a +0 flail.
You throw a throwing net.
The throwing net barely misses the gnoll.
The gnoll hits you with a +0 flail!
Ouch! That really hurt!
You barely miss the gnoll.
The gnoll is heavily wounded.
The gnoll closely misses you.
You hit the gnoll.
The gnoll is heavily wounded.
The gnoll misses you.
You are too injured to fight recklessly!
You barely miss the gnoll.
The gnoll is heavily wounded.
The gnoll barely misses you. The gnoll hits you but does no damage.
You barely miss the gnoll.
The gnoll is heavily wounded.
The gnoll hits you with a +0 flail.
You barely miss the gnoll.
The gnoll is heavily wounded.
The gnoll hits you with a +0 flail!
You die...

#(.# #(.# #..# #..#
#..###############
#................[ ###
#.######.#.#####.. #.. #g#
#.....# #.# #.#
#@######.....###.# #.#
#..........).)...# #.#
#.##..##.....###.#
#.#####.##..##.....##...
#..#.......##..####.###.###
#..#.#####.##..####....## #
#..#.#...#..#..........#
#..#.#.#.#..#.####.#...## #
#..#.#.#.#....# #.#..#.###


You could see a gnoll.

Vanquished Creatures
  A dart slug (D:1)
  A bat (D:1)
  2 endoplasms (D:1)
  A giant cockroach (D:1)
  5 goblins (D:1)
  5 hobgoblins (D:1)
  2 jackals (D:1)
  A quokka (D:1)
  A ball python (D:1)
  2 kobolds (D:1)
  A rat (D:1)
22 creatures vanquished.

Notes
Turn   | Place    | Note
-------+----------+-------------------------------------------
     0 | D:1      | Cykl0x the Gargoyle Gladiator began the quest for the Orb.
     0 | D:1      | Reached XP level 1. HP: 12/12 MP: 1/1
    32 | D:1      | Found Irae's Jewellery Boutique.
    56 | D:1      | Reached XP level 2. HP: 14/17 MP: 2/2
   123 | D:1      | Reached skill level 3 in Long Blades
   123 | D:1      | Found Kiteosm's Distillery.
   253 | D:1      | Bought a potion of curing for 42 gold pieces
   287 | D:1      | Found Peofaeri's General Store.
   290 | D:1      | Bought a scroll of identify for 26 gold pieces
   484 | D:1      | Reached skill level 1 in Armour
   503 | D:1      | Found Vaasafem's Antique Weapon Emporium.
   510 | D:1      | Reached XP level 3. HP: 18/22 MP: 3/3
   609 | D:1      | Found a faded altar of an unknown god.
   648 | D:1      | Found Woilon's Armour Shop.
  1119 | D:1      | Slain by a gnoll

Illustrated notes

Levels and vault maps discovered:
D:1:      shiori_arrival_oz, layout_loops_ring, shapermc_ecumenical_altar_venn,
          serial_shops, shop_coins, shop_fountains, nicolae_shop_behind_doors,
          shop, nicolae_shop_behind_doors, roderic_lattice_a

Skill      XL: |  1  2 |
---------------+-------+-----
Long Blades    | 3 |  3.2
Armour         | 1 |  1.3
Fighting       | |  2.4
Throwing       | |  1.8
Dodging        | |  2.6

Action                   || total
-------------------------++-------
Melee: Long sword        ||    66
Throw: Stone             ||    14
       Throwing net      ||     2
  Use: Scroll            ||     1
Armor: Leather armour    ||    25
Dodge: Dodged            ||    37
       Rpst.: Long sword ||     9
